 Dungeon Crawl Stone Soup version 0.31.0-10-gcf4a605ca0 (webtiles) character file.

Game seed: 2823339133063630111

3115 sanka the Grappler (level 9, 0/85 HPs)
             Began as a Troll Monk on Jan 25, 2024.
             Was a Believer of the Shining One.
             Slain by an orc knight
             ... wielding a +0 glaive
              (8 damage)
             ... in a bailey.
             The game lasted 00:07:56 (5173 turns).

sanka the Grappler (Troll Monk)                     Turns: 5173, Time: 00:07:57

Health: 0/85       AC:  4    Str: 21    XL:     9   Next: 60%
Magic:  8/11       EV: 11    Int:  6    God:    the Shining One [**....]
Gold:   489        SH:  8    Dex: 16    Spells: 8/8 levels left

rFire   . .          .
                       - Unarmed
rCold   . . .        c - orb {light}
rNeg    + . .        a - +0 robe
rPois   .            n - +0 hat
rElec   .            (no cloak)
rCorr   .            (gloves unavailable)
SInv    +            (boots unavailable)
Will    .....        s - amulet of regeneration
Stlth   +            v - ring of see invisible
HPRegen 1.94/turn    (no ring)
MPRegen 0.12/turn

%: no passive effects
@: divinely shielded, glowing
A: large, unfitting armour, claws 3, regeneration 1, shaggy fur 1, tough skin 1
a: Renounce Religion, Divine Shield


You were in a bailey.
You worshipped the Shining One.
The Shining One was pleased with you.
You visited 1 branch of the dungeon, and saw 8 of its levels.
You also visited: Bailey.

You collected 489 gold pieces.


Innate Abilities, Weirdness & Mutations

You are too large for most types of armour.
You have claws for hands.
Your natural rate of healing is unusually fast.
You are covered in fur. (AC +1)
You have tough skin. (AC +1)


   Skills:
 + Level 4.3 Fighting
 + Level 3.9 Dodging
 * Level 11.3 Unarmed Combat
 - Level 5.0 Invocations


You had 8 spell levels left.
You didn't know any spells.
Your spell library contained the following spells:

 Spells                   Type           Power      Damage    Failure   Level
 Magic Dart               Conj           0%         1d3       45%         1
 Lesser Beckoning         Tloc           0%         N/A       58%         2
 Searing Ray              Conj           0%         2d4       58%         2
 Gell's Gravitas          Tloc           0%         N/A       83%         3
 Teleport Other           Tloc           0%         N/A       83%         3
 Fulminant Prism          Conj/Alch      0%         3d5       99%         4

Inventory:

Missiles
 o - 5 curare-tipped darts {=f}
 u - 2 throwing nets {=f}
Armour
 a - a +0 robe (worn)
 c - an orb of light (worn)
 n - a +0 hat (worn)
Jewellery
 s - an amulet of regeneration (around neck)
 v - a ring of see invisible (left claw)
Wands
 C - a wand of paralysis (7)
Scrolls
 g - 3 scrolls of vulnerability {unknown}
 h - a scroll of amnesia {unknown}
 i - 4 scrolls of teleportation {unknown}
 l - 5 scrolls of identify {unknown}
 p - a scroll of immolation {unknown}
 r - 6 scrolls of enchant weapon
 w - a scroll of summoning {unknown}
 x - 2 scrolls of enchant armour {unknown}
 y - 4 scrolls of fear {unknown}
 A - a scroll of poison {unknown}
 B - a scroll of acquirement {unknown}
Potions
 b - a potion of ambrosia
 d - 4 potions of curing {unknown}
 e - 2 potions of might {unknown}
 f - 2 potions of attraction {unknown}
 j - a potion of haste {unknown}
 k - a potion of lignification {unknown}
 m - 2 potions of heal wounds {unknown}
 q - a potion of resistance {unknown}
 t - a potion of mutation {unknown}
 z - 3 potions of enlightenment {unknown}

Dungeon Overview and Level Annotations

Branches:
Dungeon (8/15)             Temple (0/1) D:7          Bailey (1/1)
   Lair: D:8-11

Altars:
Elyvilon
Fedhas
Kikubaaqudgha
Okawaru
Qazlal
Sif Muna
Trog
The Shining One

▒.▒▒≈~~~~~~▒▒▒~~~~~~≈▒▒)▒≈≈.....▒
≈~≈≈≈~~~▒▒▒▒▒▒▒▒▒~~~≈≈≈)≈≈~.....▒
~~~~~~~▒▒~~~~~~~▒▒~~~~~~~~~.....▒
~~~~~~▒▒~~▒'▒'▒~~▒▒~~~~~~~~.....▒
~~~~~~▒~~▒▒)▒.▒▒~~▒~~~~~~~~.....▒
~~~~~▒▒~▒▒▒▒▒▒▒▒▒~▒▒~~~~~~~.....▒
~~~~~▒▒~')▒:.:▒)'~▒▒~~~~~~~.....▒
~~~~~▒▒~▒▒▒.8o▒▒▒~▒▒~~~~~~~.....▒
~~~~~▒▒~')▒oo.▒)T~▒▒~~~~~~~.....▒
~~~~~▒▒~▒▒▒▒o▒▒▒▒o▒▒~~~~~~~.....▒
~~~~~▒▒~~▒▒∩.∩▒▒~o▒~~~~~~~~.....▒
~~~~~~~~~▒▒'''▒~~▒▒~~~~~~~~.....▒
~~~~~~~~~▒▒~~~o~▒▒~~~~~~~~~.....▒
≈~≈≈≈~~~~▒▒~~~~▒▒~~~≈≈≈~≈≈~.....▒
▒.▒▒≈~~~~▒▒▒▒▒▒▒~~~~≈▒▒.▒≈≈.....▒
▒)∩▒≈~~~~~~~~~~~~~~~≈▒∩.▒▒≈.....▒
))).~~~~~~~~~~~~~~~~~))..▒≈.....▒


You could see an orc knight and an orc warrior (strong).


Message History

Your shield is strengthened by the Shining One's divine power.
The orc knight splashes around in the water.
You claw the orc knight!
The orc knight is moderately wounded.
The orc warrior splashes around in the water.
The orc knight splashes around in the water.
Unknown command.
You claw the orc knight!
The orc knight is heavily wounded.
The orc warrior no longer looks unusually strong.
The orc warrior hits you from afar with a +0 glaive!
Unknown command.
You claw the orc knight!
The orc knight is severely wounded.
The orc knight roars a battlecry!
The orc warrior goes into a battle-frenzy!
The orc warrior hits you from afar with a +0 glaive!!
* * * LOW HITPOINT WARNING * * *
Unknown command.
You completely miss the orc knight.
The orc knight is severely wounded.
The orc knight hits you with a +0 glaive!
* * * LOW HITPOINT WARNING * * *
Unknown command.
You scratch the orc knight but do no damage.
The orc knight is severely wounded.
The orc warrior hits you from afar with a +0 glaive!!
* * * LOW HITPOINT WARNING * * *
The orc knight hits you with a +0 glaive!
You die...

Action                     |  1- 3 |  4- 6 |  7- 9 || total
---------------------------+-------+-------+-------++-------
  Melee: Unarmed           |   109 |    99 |   197 ||   405
 Invoke: Divine Shield     |       |       |     1 ||     1
 Armour: Robe              |    82 |    46 |   147 ||   275
  Dodge: Dodged            |    66 |    32 |    97 ||   195

Levels and vault maps discovered:
D:1:      minmay_arrival_radiant_lines, layout_basic, nicolae_wormholes
D:2:      layout_basic
D:3:      layout_basic
D:4:      layout_basic
D:5:      layout_layer_cave, tso_oasis_becter, minmay_bent, uniq_eustachio
D:6:      layout_basic, grunt_temple_overflow_forces_of_nature, minitemple,
          lightli_corner_chamber, uniq_grinder
D:7:      layout_cave_pods, minmay_temple_entry_from_below_a,
          minmay_fractal_squares_diagonal_5
D:8:      layout_gridville, kiku_gazebo_pond_becter,
          grunt_lair_entry_orc_guard_hut, enter_bailey_8, uniq_prince_ribbit1
Bailey:   bailey_polearm_2, bailey

Notes
Turn   | Place    | Note
-------+----------+-------------------------------------------
     0 | D:1      | sanka the Troll Monk began the quest for the Orb.
     0 | D:1      | Reached XP level 1. HP: 22/22 MP: 0/0
   134 | D:1      | Reached XP level 2. HP: 29/29 MP: 1/1
   325 | D:1      | Reached skill level 3 in Fighting
   446 | D:1      | Reached XP level 3. HP: 36/37 MP: 2/2
   726 | D:2      | Reached skill level 4 in Unarmed Combat
  1326 | D:3      | Reached XP level 4. HP: 44/45 MP: 3/3
  1444 | D:3      | Reached skill level 5 in Unarmed Combat
  1620 | D:3      | Reached XP level 5. HP: 50/53 MP: 4/4
  1816 | D:3      | Identified the +1 pair of boots of Penunogg {rC+++ Will-
                  | Int+5 Stlth-}
  1927 | D:4      | Noticed an ogre
  1928 | D:4      | Noticed a phantom
  1937 | D:4      | Killed an ogre
  1938 | D:4      | Reached skill level 6 in Unarmed Combat
  1938 | D:4      | Reached XP level 6. HP: 61/61 MP: 5/5
  1944 | D:4      | Reached skill level 7 in Unarmed Combat
  2242 | D:5      | Entered Level 5 of the Dungeon
  2256 | D:5      | Reached XP level 7. HP: 67/67 MP: 6/6
  2345 | D:5      | Reached skill level 8 in Unarmed Combat
  2356 | D:5      | Noticed a steam dragon
  2365 | D:5      | Killed a steam dragon
  2679 | D:5      | Reached skill level 9 in Unarmed Combat
  2740 | D:5      | Noticed Eustachio
  2747 | D:5      | Killed Eustachio
  2748 | D:5      | Reached XP level 8. HP: 70/75 MP: 7/7
  2802 | D:5      | Found a glowing golden altar of the Shining One.
  2871 | D:5      | Became a worshipper of the Shining One
  2871 | D:5      | Reached * piety under the Shining One
  2871 | D:5      | Reached ** piety under the Shining One
  3076 | D:6      | Reached skill level 1 in Invocations
  3148 | D:6      | Reached skill level 10 in Unarmed Combat
  3148 | D:6      | Reached skill level 2 in Invocations
  3201 | D:6      | Noticed Grinder
  3205 | D:6      | Paralysed by Grinder for 5 turns
  3223 | D:6      | Killed Grinder
  3224 | D:6      | Reached skill level 3 in Invocations
  3259 | D:6      | Reached skill level 4 in Invocations
  3275 | D:6      | Found a stormy altar of Qazlal.
  3287 | D:6      | Found a blossoming altar of Fedhas.
  3530 | D:6      | Found a shimmering blue altar of Sif Muna.
  3534 | D:6      | Found an iron altar of Okawaru.
  3538 | D:6      | Found a bloodstained altar of Trog.
  3540 | D:6      | Found a white marble altar of Elyvilon.
  4081 | D:7      | Reached skill level 5 in Invocations
  4156 | D:7      | Reached XP level 9. HP: 74/83 MP: 11/11
  4210 | D:7      | Reached skill level 3 in Dodging
  4291 | D:7      | Identified the +9 spear "Bemocij" {freeze, Str+2}
  4334 | D:7      | Found a staircase to the Ecumenical Temple.
  4798 | D:8      | Found an ancient bone altar of Kikubaaqudgha.
  4849 | D:8      | Found a flagged portal.
  4859 | Bailey   | Entered a bailey
  4943 | Bailey   | Reached skill level 4 in Fighting
  4949 | Bailey   | Reached skill level 11 in Unarmed Combat
  5154 | Bailey   | Noticed an orc knight
  5173 | Bailey   | HP: 8/85 [orc warrior/+0 glaive (20)]
  5173 | Bailey   | Slain by an orc knight

Vanquished Creatures
  Grinder (D:6)
  Eustachio (D:5)
  A vampire mosquito (D:7)
  A steam dragon (D:5)
  3 water moccasins
  6 orc warriors (Bailey)
  2 ice beasts (D:7)
  2 centaurs (D:7)
  An ogre (D:4)
  A phantom (D:4)
  2 bullfrogs (D:7)
  2 scorpions
  2 howler monkeys
  A hound (D:4)
  2 bombardier beetles
  3 sleepcaps (D:7)
  8 iguanas
  6 orc wizards
  6 gnolls
  5 adders
  A shadow imp (D:6)
  3 white imps
  4 ribbon worms
  37 orcs
  3 endoplasms
  5 giant cockroaches
  5 goblins
  6 hobgoblins
  10 jackals
  3 quokkas
  8 ball pythons
  10 bats
  2 frilled lizards
  5 kobolds
  12 rats
170 creatures vanquished.
